Bruins vs Penguins

Created - February 7 2008 at 19:25

Goals
1 2 3 T
Bruins 0 1 0 1
Penguins 1 1 0 2
Shots
1 2 3 T
Bruins 5 9 5 19
Penguins 10 7 10 27

Period #1

1. Penguins , Kris Draper 18 (Mark Parrish, Brooks Orpik) at 4:04

Penalties :
Bryan Mccabe (PIT) for High sticking (Minor) at 7:18, Georges Laraque (BOS) for Hooking (Minor) at 13:24, Ruslan Salei (BOS) for Slashing (Minor) at 15:31

Period #2

2. Penguins , Sidney Crosby 29 (Bryan Mccabe, Marian Hossa) at 6:05 (PP)
3. Bruins , Patrice Bergeron 17 (Sergei Zubov, Shane Doan) at 14:20 (PP)

Penalties :
Brooks Orpik (PIT) for Hooking (Minor) at 2:02, Bryan Smolinski (BOS) for Tripping (Minor) at 4:54, Brooks Orpik (PIT) for Holding (Minor) at 14:06, Bryan Mccabe (PIT) for Tripping (Minor) at 16:25, Rostislav Klesla (BOS) for Slashing (Minor) at 18:46

Period #3

No Goal

Penalties :
Glen Murray (BOS) for Interference (Minor) at 1:33, Kris Draper (PIT) for Hooking (Minor) at 7:41, Bryan Mccabe (PIT) for Slashing (Double Minor) at 10:15, Rostislav Klesla (BOS) for Interference (Minor) at 14:44, Ruslan Salei (BOS) for Hooking (Minor) at 16:46

Goalie Stats

Tim Thomas (BOS), 25 saves from 27 shots - (0.926), L, 10-6-2, 60:00 minutes
Ed Belfour (PIT), 18 saves from 19 shots - (0.947), W, 5-4-0, 60:00 minutes

Players Stats

Bruins
Player Name              G  A  P  +/- PIM S  H  SB FO MP 
-----------------------------------------------------------
Bryan Smolinski          0  0  0  -1  2   0  0  1  10 16 
Garnet Exelby            0  0  0  -1  0   0  0  2  0  10 
Georges Laraque          0  0  0   0  2   0  1  0  1  12 
Glen Murray              0  0  0  -1  2   0  1  0  11 23 
Jeffrey Hamilton         0  0  0  -1  0   0  0  0  0  5  
Marco Sturm              0  0  0   0  0   2  1  0  0  18 
Mike Richards            0  0  0   0  0   0  0  1  4  6  
P.J. Axelsson            0  0  0   0  0   4  0  0  1  20 
Patrice Bergeron         1  0  1   0  0   1  2  1  26 21 
Rick Nash                0  0  0   0  0   5  0  0  0  17 
Rostislav Klesla         0  0  0   0  4   0  0  2  0  18 
Ruslan Salei             0  0  0   0  4   1  3  0  0  15 
Sami Salo                0  0  0   0  0   0  0  3  0  20 
Sean Avery               0  0  0   0  0   0  2  0  27 20 
Sergei Zubov             0  1  1  -1  0   2  1  1  0  19 
Shane Doan               0  1  1   0  0   3  2  0  6  23 
Shane Hnidy              0  0  0   0  0   0  0  2  0  18 
Zdeno Chara              0  0  0   0  0   1  1  2  0  24 
Penguins
Player Name              G  A  P  +/- PIM S  H  SB FO MP 
-----------------------------------------------------------
Brooks Orpik             0  1  1   1  4   0  4  0  0  14 
Bryan Mccabe             0  1  1   0  8   4  1  0  0  22 
Christian Backman        0  0  0   1  0   0  0  1  0  18 
Dallas Drake             0  0  0   0  0   0  0  0  0  6  
Dominic Moore            0  0  0   1  0   0  0  0  1  16 
Evgeni Malkin            0  0  0   0  0   2  1  0  29 22 
Glen Wesley              0  0  0   0  0   0  0  1  0  22 
Jarkko Ruutu             0  0  0   0  0   0  0  0  6  5  
Jere Lehtinen            0  0  0   0  0   7  0  0  2  22 
Josef Melichar           0  0  0   0  0   0  3  0  0  22 
Kris Draper              1  0  1   1  2   1  1  0  16 14 
Marian Hossa             0  1  1   0  0   3  2  0  10 22 
Mark Bell                0  0  0   0  0   0  1  0  1  17 
Mark Parrish             0  1  1   1  0   2  0  0  1  13 
Martin Lapointe          0  0  0   0  0   0  1  0  0  5  
Scott Hannan             0  0  0   0  0   0  0  0  0  25 
Sidney Crosby            1  0  1   0  0   8  1  0  17 22 
Taylor Pyatt             0  0  0   0  0   0  0  0  3  16 

3 Stars

1 - Ed Belfour (PIT)
2 - Kris Draper (PIT)
3 - Patrice Bergeron (BOS)

Power Play

Bruins - 1 on 6 Attempt(s) - 16.67%
Penguins - 1 on 7 Attempt(s) - 14.29%

Penalty Kill

Bruins - 6 on 7 Attempt(s) - 85.71% - Score 0 goal in Penalty Kill
Penguins - 5 on 6 Attempt(s) - 83.33% - Score 0 goal in Penalty Kill

Game Notes

Mike Richards is injured at 15:54 of 1st period (Sports Hernia)

Finance

Level 1 -- Attendance: 3998 (75.43%) -- Ticket Income $371,814.00
Level 2 -- Attendance: 4276 (85.13%) -- Ticket Income $235,180.00
Level 3 -- Attendance: 1720 (86.00%) -- Ticket Income $56,760.00
Level 4 -- Attendance: 3521 (88.03%) -- Ticket Income $59,857.00
Luxury Box -- Attendance: 845 (84.50%) -- Ticket Income $156,325.00
Game was played at the Mellon Arena
Total Attendance: 14360 (82.90%)
Total Ticket Income: $887,158.60
Other Income: $156,414.30
Total Income: $1,043,573.00


Play by Play

Period #1

0:01 of 1st period - Taylor Pyatt wins face-off versus Patrice Bergeron in neutral zone.
0:16 of 1st period - Shot by Marian Hossa.
0:16 of 1st period - Shot Misses the Net.
1:24 of 1st period - Shot by Jere Lehtinen.
1:24 of 1st period - Stopped by Tim Thomas without a rebound.
1:25 of 1st period - Kris Draper wins face-off versus Sean Avery in Bruins zone.
1:35 of 1st period - Sergei Zubov is hit by Kris Draper.
3:12 of 1st period - Shot by Evgeni Malkin.
3:12 of 1st period - Shot Blocked by Rostislav Klesla.
3:16 of 1st period - Shot by Evgeni Malkin.
3:16 of 1st period - Shot Blocked by Shane Hnidy.
3:18 of 1st period - Shot by Jere Lehtinen.
3:18 of 1st period - Stopped by Tim Thomas without a rebound.
3:19 of 1st period - Bryan Smolinski wins face-off versus Evgeni Malkin in Bruins zone.
3:31 of 1st period - Jere Lehtinen is hit by Sergei Zubov and loses puck.
4:02 of 1st period - Shot by Mark Parrish.
4:02 of 1st period - Shot Blocked by Bryan Smolinski.
4:04 of 1st period - Shot by Kris Draper.
4:04 of 1st period - Goal by Kris Draper - Bruins : 0 - Penguins : 1.
4:05 of 1st period - Dominic Moore wins face-off versus Patrice Bergeron in neutral zone.
4:09 of 1st period - Mark Parrish is hit by Zdeno Chara and loses puck.
4:17 of 1st period - Icing by Zdeno Chara.
4:18 of 1st period - Sidney Crosby wins face-off versus Patrice Bergeron in Bruins zone.
4:35 of 1st period - Shot by Marian Hossa.
4:35 of 1st period - Shot Misses the Net.
4:39 of 1st period - Shot by Sidney Crosby.
4:39 of 1st period - Shot Blocked by Sami Salo.
4:43 of 1st period - Shot by Marian Hossa.
4:43 of 1st period - Shot Misses the Net.
4:45 of 1st period - Shot by Scott Hannan.
4:45 of 1st period - Shot Blocked by Zdeno Chara.
4:57 of 1st period - Shot by Marian Hossa.
4:57 of 1st period - Stopped by Tim Thomas with a rebound.
4:59 of 1st period - Shot by Sidney Crosby.
4:59 of 1st period - Stopped by Tim Thomas without a rebound.
5:00 of 1st period - Kris Draper wins face-off versus Mike Richards in Bruins zone.
5:37 of 1st period - Shot by Georges Laraque.
5:37 of 1st period - Shot Misses the Net.
5:42 of 1st period - Off-side.
5:43 of 1st period - Sean Avery wins face-off versus Evgeni Malkin in neutral zone.
5:56 of 1st period - Shot by Evgeni Malkin.
5:56 of 1st period - Shot Misses the Net.
6:00 of 1st period - Shot by Mark Bell.
6:00 of 1st period - Shot Misses the Net.
6:25 of 1st period - Jere Lehtinen is hit by Ruslan Salei and loses puck.
6:35 of 1st period - Icing by Ruslan Salei.
6:36 of 1st period - Sidney Crosby wins face-off versus Sean Avery in Bruins zone.
7:14 of 1st period - Marco Sturm is hit by Bryan Mccabe and loses puck.
7:18 of 1st period - Minor Penalty to Bryan Mccabe for High sticking.
7:19 of 1st period - Shane Doan wins face-off versus Evgeni Malkin in Penguins zone.
8:02 of 1st period - Off-side.
8:03 of 1st period - Marian Hossa wins face-off versus Sean Avery in neutral zone.
8:16 of 1st period - Shot by Rick Nash.
8:16 of 1st period - Stopped by Ed Belfour without a rebound.
8:17 of 1st period - Evgeni Malkin wins face-off versus Patrice Bergeron in Penguins zone.
8:56 of 1st period - Shot by Marco Sturm.
8:56 of 1st period - Stopped by Ed Belfour without a rebound.
8:57 of 1st period - Evgeni Malkin wins face-off versus Sean Avery in Penguins zone.
9:20 of 1st period - Shot by P.J. Axelsson.
9:20 of 1st period - Stopped by Ed Belfour without a rebound.
9:21 of 1st period - Kris Draper wins face-off versus Mike Richards in Penguins zone.
9:23 of 1st period - Icing by Mark Parrish.
9:24 of 1st period - Mike Richards wins face-off versus Kris Draper in Penguins zone.
9:24 of 1st period - Mike Richards is hit by Brooks Orpik.
10:35 of 1st period - Shot by Sergei Zubov.
10:35 of 1st period - Stopped by Ed Belfour without a rebound.
10:36 of 1st period - Jarkko Ruutu wins face-off versus Patrice Bergeron in Penguins zone.
11:24 of 1st period - Icing by Sami Salo.
11:25 of 1st period - Patrice Bergeron wins face-off versus Mark Bell in Bruins zone.
11:50 of 1st period - Shot by Jere Lehtinen.
11:50 of 1st period - Shot Blocked by Sergei Zubov.
11:52 of 1st period - Shot by Jere Lehtinen.
11:52 of 1st period - Deflect By Evgeni Malkin.
11:52 of 1st period - Stopped by Tim Thomas without a rebound.
11:53 of 1st period - Bryan Smolinski wins face-off versus Kris Draper in Bruins zone.
13:24 of 1st period - Minor Penalty to Georges Laraque for Hooking.
13:25 of 1st period - Sidney Crosby wins face-off versus Sean Avery in Penguins zone.
13:30 of 1st period - Shot by Sidney Crosby.
13:30 of 1st period - Stopped by Tim Thomas without a rebound.
13:31 of 1st period - Mike Richards wins face-off versus Sidney Crosby in Bruins zone.
14:03 of 1st period - Shot by Bryan Mccabe.
14:03 of 1st period - Stopped by Tim Thomas without a rebound.
14:04 of 1st period - Sean Avery wins face-off versus Evgeni Malkin in Bruins zone.
15:30 of 1st period - Mark Parrish is hit by Ruslan Salei and loses puck.
15:31 of 1st period - Minor Penalty to Ruslan Salei for Slashing.
15:32 of 1st period - Sean Avery wins face-off versus Evgeni Malkin in Bruins zone.
15:32 of 1st period - Sean Avery is hit by Evgeni Malkin.
15:54 of 1st period - Shot by Mark Bell.
15:54 of 1st period - Shot Blocked by Mike Richards.
15:54 of 1st period - Mike Richards from Bruins is injured at 15:54 of 1st period (Sports Hernia).
15:55 of 1st period - Sidney Crosby wins face-off versus Sean Avery in Bruins zone.
16:04 of 1st period - Shot by Sidney Crosby.
16:04 of 1st period - Stopped by Tim Thomas without a rebound.
16:05 of 1st period - Sidney Crosby wins face-off versus Glen Murray in Bruins zone.
17:07 of 1st period - Shot by Josef Melichar.
17:07 of 1st period - Shot Blocked by Garnet Exelby.
18:05 of 1st period - Shot by Rick Nash.
18:05 of 1st period - Stopped by Ed Belfour with a rebound.
19:03 of 1st period - Icing by Brooks Orpik.
19:04 of 1st period - Patrice Bergeron wins face-off versus Kris Draper in Penguins zone.
19:07 of 1st period - Shot by Shane Doan.
19:07 of 1st period - Shot Misses the Net.
19:25 of 1st period - Shot by Evgeni Malkin.
19:25 of 1st period - Shot Misses the Net.
19:31 of 1st period - Shot by Mark Bell.
19:31 of 1st period - Deflect By Jere Lehtinen.
19:31 of 1st period - Stopped by Tim Thomas without a rebound.
19:32 of 1st period - Bryan Smolinski wins face-off versus Taylor Pyatt in Bruins zone.
19:32 of 1st period - Bryan Smolinski is hit by Sidney Crosby.

Period #2

0:01 of 2nd period - Sidney Crosby wins face-off versus Patrice Bergeron in neutral zone.
0:01 of 2nd period - Sidney Crosby is hit by Patrice Bergeron.
0:35 of 2nd period - Shot by Marian Hossa.
0:35 of 2nd period - Stopped by Tim Thomas without a rebound.
0:36 of 2nd period - Evgeni Malkin wins face-off versus Sean Avery in Bruins zone.
1:56 of 2nd period - P.J. Axelsson is hit by Brooks Orpik and loses puck.
2:02 of 2nd period - Minor Penalty to Brooks Orpik for Hooking.
2:03 of 2nd period - Sidney Crosby wins face-off versus Sean Avery in Penguins zone.
2:54 of 2nd period - Icing by Patrice Bergeron.
2:55 of 2nd period - Marian Hossa wins face-off versus Patrice Bergeron in Bruins zone.
4:01 of 2nd period - Shot by Zdeno Chara.
4:01 of 2nd period - Shot Blocked by Glen Wesley.
4:03 of 2nd period - Shot by Glen Murray.
4:03 of 2nd period - Shot Blocked by Christian Backman.
4:18 of 2nd period - P.J. Axelsson is hit by Brooks Orpik and loses puck.
4:23 of 2nd period - Shot by P.J. Axelsson.
4:23 of 2nd period - Stopped by Ed Belfour without a rebound.
4:24 of 2nd period - Jarkko Ruutu wins face-off versus Bryan Smolinski in Penguins zone.
4:30 of 2nd period - Icing by Bryan Mccabe.
4:31 of 2nd period - Jarkko Ruutu wins face-off versus Sean Avery in Penguins zone.
4:31 of 2nd period - Jarkko Ruutu is hit by Sean Avery.
4:51 of 2nd period - Shot by P.J. Axelsson.
4:51 of 2nd period - Stopped by Ed Belfour without a rebound.
4:52 of 2nd period - Bryan Smolinski wins face-off versus Kris Draper in Penguins zone.
4:54 of 2nd period - Minor Penalty to Bryan Smolinski for Tripping.
4:55 of 2nd period - Evgeni Malkin wins face-off versus Shane Doan in Penguins zone.
6:05 of 2nd period - Shot by Sidney Crosby.
6:05 of 2nd period - Goal by Sidney Crosby - Bruins : 0 - Penguins : 2.
6:06 of 2nd period - Kris Draper wins face-off versus Bryan Smolinski in neutral zone.
6:21 of 2nd period - Shot by Sergei Zubov.
6:21 of 2nd period - Shot Misses the Net.
6:24 of 2nd period - Icing by Christian Backman.
6:25 of 2nd period - Patrice Bergeron wins face-off versus Kris Draper in Penguins zone.
6:50 of 2nd period - Shot by Shane Doan.
6:50 of 2nd period - Stopped by Ed Belfour without a rebound.
6:51 of 2nd period - Glen Murray wins face-off versus Marian Hossa in Penguins zone.
6:57 of 2nd period - Icing by Marian Hossa.
6:58 of 2nd period - Shane Doan wins face-off versus Sidney Crosby in Penguins zone.
7:11 of 2nd period - Bryan Mccabe is hit by Georges Laraque.
7:12 of 2nd period - Icing by Bryan Mccabe.
7:13 of 2nd period - Sidney Crosby wins face-off versus Sean Avery in Penguins zone.
7:24 of 2nd period - Shot by Marian Hossa.
7:24 of 2nd period - Shot Misses the Net.
7:28 of 2nd period - Shot by Sidney Crosby.
7:28 of 2nd period - Stopped by Tim Thomas without a rebound.
7:29 of 2nd period - Evgeni Malkin wins face-off versus Patrice Bergeron in Bruins zone.
7:35 of 2nd period - Zdeno Chara is hit by Josef Melichar and loses puck.
7:51 of 2nd period - Shot by Mark Bell.
7:51 of 2nd period - Shot Misses the Net.
7:55 of 2nd period - Shot by Evgeni Malkin.
7:55 of 2nd period - Shot Misses the Net.
7:59 of 2nd period - Shot by Jere Lehtinen.
7:59 of 2nd period - Deflect By Evgeni Malkin.
7:59 of 2nd period - Shot Blocked by Patrice Bergeron.
8:10 of 2nd period - Icing by Josef Melichar.
8:11 of 2nd period - Evgeni Malkin wins face-off versus Glen Murray in Penguins zone.
8:44 of 2nd period - Shot by Sidney Crosby.
8:44 of 2nd period - Stopped by Tim Thomas with a rebound.
10:48 of 2nd period - Icing by Zdeno Chara.
10:49 of 2nd period - Patrice Bergeron wins face-off versus Evgeni Malkin in Bruins zone.
10:58 of 2nd period - Shot by Shane Doan.
10:58 of 2nd period - Shot Misses the Net.
11:14 of 2nd period - Icing by Shane Doan.
11:15 of 2nd period - Patrice Bergeron wins face-off versus Sidney Crosby in Bruins zone.
12:20 of 2nd period - Icing by Scott Hannan.
12:21 of 2nd period - Patrice Bergeron wins face-off versus Sidney Crosby in Penguins zone.
12:43 of 2nd period - Shot by Evgeni Malkin.
12:43 of 2nd period - Shot Blocked by Sami Salo.
12:45 of 2nd period - Shot by Jere Lehtinen.
12:45 of 2nd period - Stopped by Tim Thomas without a rebound.
12:46 of 2nd period - Bryan Smolinski wins face-off versus Kris Draper in Bruins zone.
13:02 of 2nd period - Shot by Shane Doan.
13:02 of 2nd period - Stopped by Ed Belfour without a rebound.
13:03 of 2nd period - Sean Avery wins face-off versus Evgeni Malkin in Penguins zone.
13:14 of 2nd period - Shot by Rick Nash.
13:14 of 2nd period - Stopped by Ed Belfour without a rebound.
13:15 of 2nd period - Kris Draper wins face-off versus Patrice Bergeron in Penguins zone.
13:52 of 2nd period - Icing by Christian Backman.
13:53 of 2nd period - Georges Laraque wins face-off versus Kris Draper in Penguins zone.
14:04 of 2nd period - P.J. Axelsson is hit by Brooks Orpik and loses puck.
14:06 of 2nd period - Minor Penalty to Brooks Orpik for Holding.
14:07 of 2nd period - Patrice Bergeron wins face-off versus Evgeni Malkin in Penguins zone.
14:08 of 2nd period - Shot by Sergei Zubov.
14:08 of 2nd period - Stopped by Ed Belfour without a rebound.
14:09 of 2nd period - Evgeni Malkin wins face-off versus Patrice Bergeron in Penguins zone.
14:20 of 2nd period - Shot by Patrice Bergeron.
14:20 of 2nd period - Goal by Patrice Bergeron - Bruins : 1 - Penguins : 2.
14:21 of 2nd period - Bryan Smolinski wins face-off versus Marian Hossa in neutral zone.
15:18 of 2nd period - Rostislav Klesla is hit by Josef Melichar and loses puck.
15:27 of 2nd period - Shot by P.J. Axelsson.
15:27 of 2nd period - Stopped by Ed Belfour without a rebound.
15:28 of 2nd period - Mark Parrish wins face-off versus Patrice Bergeron in Penguins zone.
15:28 of 2nd period - Mark Parrish is hit by Patrice Bergeron.
16:03 of 2nd period - Shot by Marco Sturm.
16:03 of 2nd period - Stopped by Ed Belfour without a rebound.
16:04 of 2nd period - Jere Lehtinen wins face-off versus Glen Murray in Penguins zone.
16:18 of 2nd period - Off-side.
16:19 of 2nd period - Sean Avery wins face-off versus Jarkko Ruutu in neutral zone.
16:25 of 2nd period - Minor Penalty to Bryan Mccabe for Tripping.
16:26 of 2nd period - Sean Avery wins face-off versus Evgeni Malkin in Penguins zone.
16:41 of 2nd period - Zdeno Chara is hit by Marian Hossa and loses puck.
16:50 of 2nd period - Shot by Marian Hossa.
16:50 of 2nd period - Deflect By Sidney Crosby.
16:50 of 2nd period - Shot Misses the Net.
16:54 of 2nd period - Shot by Sidney Crosby.
16:54 of 2nd period - Shot Hit the Post.
16:56 of 2nd period - Shot by Scott Hannan.
16:56 of 2nd period - Shot Misses the Net.
16:58 of 2nd period - Shot by Glen Wesley.
16:58 of 2nd period - Deflect By Sidney Crosby.
16:58 of 2nd period - Stopped by Tim Thomas without a rebound.
16:59 of 2nd period - Patrice Bergeron wins face-off versus Evgeni Malkin in Bruins zone.
17:03 of 2nd period - Icing by Shane Doan.
17:04 of 2nd period - Evgeni Malkin wins face-off versus Patrice Bergeron in Bruins zone.
17:30 of 2nd period - Shot by Jere Lehtinen.
17:30 of 2nd period - Stopped by Tim Thomas without a rebound.
17:31 of 2nd period - Sean Avery wins face-off versus Marian Hossa in Bruins zone.
18:17 of 2nd period - Rick Nash is hit by Marian Hossa and loses puck.
18:41 of 2nd period - Shot by Jere Lehtinen.
18:41 of 2nd period - Shot Blocked by Rostislav Klesla.
18:46 of 2nd period - Minor Penalty to Rostislav Klesla for Slashing.
18:47 of 2nd period - Shane Doan wins face-off versus Evgeni Malkin in Bruins zone.

Period #3

0:01 of 3rd period - Glen Murray wins face-off versus Sidney Crosby in neutral zone.
0:09 of 3rd period - Marian Hossa is hit by Sean Avery and loses puck.
0:13 of 3rd period - Off-side.
0:14 of 3rd period - Evgeni Malkin wins face-off versus Glen Murray in neutral zone.
0:19 of 3rd period - Shot by Evgeni Malkin.
0:19 of 3rd period - Deflect By Mark Bell.
0:19 of 3rd period - Shot Blocked by Sami Salo.
0:23 of 3rd period - Shot by Evgeni Malkin.
0:23 of 3rd period - Stopped by Tim Thomas without a rebound.
0:24 of 3rd period - Sean Avery wins face-off versus Sidney Crosby in Bruins zone.
1:14 of 3rd period - Patrice Bergeron is hit by Josef Melichar and loses puck.
1:21 of 3rd period - Shot by Shane Doan.
1:21 of 3rd period - Stopped by Ed Belfour without a rebound.
1:22 of 3rd period - Sean Avery wins face-off versus Kris Draper in Penguins zone.
1:32 of 3rd period - Icing by Christian Backman.
1:33 of 3rd period - Kris Draper wins face-off versus Glen Murray in Penguins zone.
1:33 of 3rd period - Minor Penalty to Glen Murray for Interference.
1:34 of 3rd period - Sidney Crosby wins face-off versus Sean Avery in Penguins zone.
1:43 of 3rd period - Shot by Marian Hossa.
1:43 of 3rd period - Stopped by Tim Thomas without a rebound.
1:44 of 3rd period - Shane Doan wins face-off versus Sidney Crosby in Bruins zone.
3:24 of 3rd period - Shot by Glen Wesley.
3:24 of 3rd period - Shot Blocked by Shane Hnidy.
3:26 of 3rd period - Shot by Jere Lehtinen.
3:26 of 3rd period - Stopped by Tim Thomas without a rebound.
3:27 of 3rd period - Sean Avery wins face-off versus Evgeni Malkin in Bruins zone.
3:27 of 3rd period - Sean Avery is hit by Mark Bell.
3:38 of 3rd period - Icing by Christian Backman.
3:39 of 3rd period - Kris Draper wins face-off versus Patrice Bergeron in Penguins zone.
3:41 of 3rd period - Christian Backman is hit by Shane Doan.
3:49 of 3rd period - Shot by Mark Parrish.
3:49 of 3rd period - Shot Hit the Post.
3:52 of 3rd period - Icing by Marco Sturm.
3:53 of 3rd period - Kris Draper wins face-off versus Patrice Bergeron in Bruins zone.
4:31 of 3rd period - Mark Parrish is hit by Ruslan Salei and loses puck.
4:47 of 3rd period - Shot by Rick Nash.
4:47 of 3rd period - Stopped by Ed Belfour without a rebound.
4:48 of 3rd period - Evgeni Malkin wins face-off versus Glen Murray in Penguins zone.
6:21 of 3rd period - Icing by Sami Salo.
6:22 of 3rd period - Jarkko Ruutu wins face-off versus Patrice Bergeron in Bruins zone.
7:01 of 3rd period - Martin Lapointe is hit by Glen Murray and loses puck.
7:41 of 3rd period - Minor Penalty to Kris Draper for Hooking.
7:42 of 3rd period - Sean Avery wins face-off versus Evgeni Malkin in neutral zone.
9:31 of 3rd period - Icing by Sergei Zubov.
9:32 of 3rd period - P.J. Axelsson wins face-off versus Marian Hossa in Bruins zone.
9:57 of 3rd period - Shot by Mark Parrish.
9:57 of 3rd period - Stopped by Tim Thomas without a rebound.
9:58 of 3rd period - Glen Murray wins face-off versus Jarkko Ruutu in Bruins zone.
9:58 of 3rd period - Glen Murray is hit by Martin Lapointe.
10:15 of 3rd period - Double Minor Penalty to Bryan Mccabe for Slashing.
10:16 of 3rd period - Marian Hossa wins face-off versus Bryan Smolinski in Penguins zone.
10:31 of 3rd period - Shot by Zdeno Chara.
10:31 of 3rd period - Stopped by Ed Belfour without a rebound.
10:32 of 3rd period - Marian Hossa wins face-off versus Patrice Bergeron in Penguins zone.
11:49 of 3rd period - Shot by Ruslan Salei.
11:49 of 3rd period - Stopped by Ed Belfour without a rebound.
11:50 of 3rd period - Marian Hossa wins face-off versus Bryan Smolinski in Penguins zone.
11:50 of 3rd period - Marian Hossa is hit by Shane Doan.
12:28 of 3rd period - Off-side.
12:29 of 3rd period - Marian Hossa wins face-off versus Sean Avery in neutral zone.
12:29 of 3rd period - Sidney Crosby is hit by Marco Sturm and loses puck.
13:22 of 3rd period - Shot by Rick Nash.
13:22 of 3rd period - Stopped by Ed Belfour without a rebound.
13:23 of 3rd period - Evgeni Malkin wins face-off versus Patrice Bergeron in Penguins zone.
14:44 of 3rd period - Minor Penalty to Rostislav Klesla for Interference.
14:45 of 3rd period - Evgeni Malkin wins face-off versus Glen Murray in Bruins zone.
15:48 of 3rd period - Shot by Bryan Mccabe.
15:48 of 3rd period - Stopped by Tim Thomas with a rebound.
15:50 of 3rd period - Shot by Christian Backman.
15:50 of 3rd period - Shot Blocked by Garnet Exelby.
15:52 of 3rd period - Shot by Bryan Mccabe.
15:52 of 3rd period - Stopped by Tim Thomas without a rebound.
15:53 of 3rd period - Evgeni Malkin wins face-off versus Shane Doan in Bruins zone.
16:46 of 3rd period - Minor Penalty to Ruslan Salei for Hooking.
16:47 of 3rd period - Sean Avery wins face-off versus Taylor Pyatt in Bruins zone.
16:58 of 3rd period - Shot by Sidney Crosby.
16:58 of 3rd period - Shot Blocked by Zdeno Chara.
17:27 of 3rd period - Icing by Jere Lehtinen.
17:28 of 3rd period - Jere Lehtinen wins face-off versus Glen Murray in Penguins zone.
18:23 of 3rd period - Shot by Bryan Mccabe.
18:23 of 3rd period - Stopped by Tim Thomas without a rebound.
18:24 of 3rd period - Sean Avery wins face-off versus Evgeni Malkin in Bruins zone.
18:36 of 3rd period - Icing by Evgeni Malkin.
18:37 of 3rd period - Sean Avery wins face-off versus Evgeni Malkin in Penguins zone.
19:14 of 3rd period - Shot by Mark Parrish.
19:14 of 3rd period - Stopped by Tim Thomas without a rebound.
19:15 of 3rd period - Sidney Crosby wins face-off versus Patrice Bergeron in Bruins zone.
19:39 of 3rd period - Shot by Sidney Crosby.
19:39 of 3rd period - Stopped by Tim Thomas without a rebound.
19:40 of 3rd period - Sean Avery wins face-off versus Evgeni Malkin in Bruins zone.
19:58 of 3rd period - Shot by Jere Lehtinen.
19:58 of 3rd period - Stopped by Tim Thomas with a rebound.


Output by the SimonT Hockey Simulator (STHS) for Stephane Roy -- Original Page W3C XHTML 1.0 Valid